 Dungeon Crawl Stone Soup version 0.29.0-5-ge4962eb29e (webtiles) character file.

Game seed: 801696742063298514

68 FluffGlitter the Chopper (level 4, -2/40 HPs)
             Began as a Minotaur Fighter on Aug 28, 2022.
             Slain by Crazy Yiuf
             ... wielding a +4 quarterstaff of chaos
              (3 damage)
             ... on level 2 of the Dungeon.
             The game lasted 00:06:35 (2030 turns).

FluffGlitter the Chopper (Minotaur Fighter)         Turns: 2030, Time: 00:06:36

Health: -2/40      AC:  7    Str: 22    XL:     4   Next: 1%
Magic:  3/3        EV: 14    Int:  5    God:
Gold:   192        SH:  4    Dex: 10    Spells: 3/3 levels left

rFire   . . .      SeeInvis .   a - +0 war axe
rCold   . . .      Faith    .   c - +0 buckler
rNeg    . . .      Spirit   .   b - +0 scale mail
rPois   .          Reflect  .   (helmet restricted)
rElec   .          Harm     .   (no cloak)
rCorr   .          Rampage  .   (no gloves)
Will    .....                   (no boots)
Stlth   ..........              (no amulet)
HPRegen 0.13/turn               (no ring)
MPRegen 0.08/turn               (no ring)

@: mighty, agile, hasted, very quick
A: horns 2, retaliatory headbutt
a: no special abilities


You were on level 2 of the Dungeon.
You visited 1 branch of the dungeon, and saw 3 of its levels.

You collected 192 gold pieces.

Inventory:

Hand Weapons
 a - a +0 war axe (weapon)
Missiles
 h - 3 boomerangs (quivered)
 i - 21 stones
 k - 4 poisoned darts
Armour
 b - a +0 scale mail (worn)
 c - a +0 buckler (worn)
Jewellery
 s - a +4 ring of protection
Scrolls
 e - a scroll of immolation {unknown}
 f - a scroll of blinking {unknown}
 j - a scroll of butterflies {unknown}
 m - a scroll of enchant armour {unknown}
 n - a scroll of vulnerability {unknown}
 o - 2 scrolls of identify {unknown}
 q - a scroll of teleportation {unknown}
 r - a scroll of torment {unknown}
 t - a scroll of silence {unknown}
Potions
 g - 2 potions of brilliance {unknown}
 l - a potion of heal wounds {unknown}
 p - a potion of degeneration {unknown}


   Skills:
 - Level 3.8 Fighting
 * Level 4.8 Axes
 - Level 3.8 Armour
 - Level 3.8 Shields


You had 3 spell levels left.
You didn't know any spells.
Your spell library was empty.

Dungeon Overview and Level Annotations

Branches:
Dungeon (3/15)

Altars:

Annotations:
D:2 Crazy Yiuf


Innate Abilities, Weirdness & Mutations

You have a pair of horns on your head.
You reflexively headbutt those who attack you in melee.


Message History

Press: ? - help, Q - select action, (/) - cycle Shift-Dir - straight line, f/p - rat
Aim: a rat (56% to hit)
You throw a boomerang. The boomerang hits the rat.
You kill the rat!
There is an open door here.
You open the door.
You see here a +0 robe.
You see here a +0 robe.
There is a stone staircase leading up here.
Found a hammer.
Found a runed translucent door.
Crazy Yiuf shouts!
Could not explore, unopened runed door.
Crazy Yiuf says, "Blight!"
As you open the door, it creaks loudly!
You hit Crazy Yiuf.
Crazy Yiuf is lightly wounded.
Crazy Yiuf cries, "You leg down broken song, no?"
Crazy Yiuf closely misses you. You furiously retaliate!
You headbutt Crazy Yiuf, but do no damage.
You barely miss Crazy Yiuf. You headbutt Crazy Yiuf!
Crazy Yiuf is heavily wounded.
Crazy Yiuf hits you with a +4 quarterstaff of chaos!
Crazy Yiuf freezes you.
Sorry, you're not good enough to have a special ability.
You feel very mighty all of a sudden.
Crazy Yiuf says, "Proton ragdoll eyeball!"
You block Crazy Yiuf's attack.
You barely miss Crazy Yiuf. You headbutt Crazy Yiuf!
Crazy Yiuf is almost dead.
Crazy Yiuf hits you with a +4 quarterstaff of chaos!
You feel yourself speed up.
Crazy Yiuf hits you with a +4 quarterstaff of chaos!
* * * LOW HITPOINT WARNING * * *
You feel agile all of a sudden.
You closely miss Crazy Yiuf.
Crazy Yiuf is almost dead.
Crazy Yiuf hits you with a +4 quarterstaff of chaos!
* * * LOW HITPOINT WARNING * * *
Crazy Yiuf freezes you.
You die...

#.....# ###....## #.#
##.#### #....# #.#
#.# #....# #.# #.#
##...# #######.###
#.# ##.## #.........#
#.### ##.#
#)........# #.#.##
#.## #.....[...#
###....##### ##.#
#.........#
..........'# #@##
#......†..#
.......##### #g#
###.......# ##.....#
... #.......#
#......# #...#
#.......# .......#
#)..# #.......#
.......# #####
#.......# .......#
####.#### #......#
########## #.#
##...#.#####........#
#.#


You could see Crazy Yiuf.

Vanquished Creatures
  An adder (D:2)
  2 dart slugs (D:1)
  4 ball pythons (D:1)
  6 bats
  3 endoplasms
  3 giant cockroaches
  5 goblins
  6 hobgoblins
  6 jackals
  8 frilled lizards
  3 kobolds
  4 rats
51 creatures vanquished.

Notes
Turn   | Place    | Note
-------+----------+-------------------------------------------
     0 | D:1      | FluffGlitter the Minotaur Fighter began the quest for the
                  | Orb.
     0 | D:1      | Reached XP level 1. HP: 19/19 MP: 0/0
    43 | D:1      | Reached XP level 2. HP: 17/27 MP: 1/1
   209 | D:1      | Reached skill level 3 in Axes
   492 | D:1      | Reached XP level 3. HP: 30/33 MP: 2/2
   562 | D:1      | Found a faded altar of an unknown god.
  1098 | D:2      | Reached skill level 4 in Axes
  1765 | D:2      | Reached XP level 4. HP: 39/40 MP: 3/3
  2017 | D:2      | Found a runed translucent door.
  2018 | D:2      | Noticed Crazy Yiuf
  2030 | D:2      | HP: 1/40 [Crazy Yiuf/+4 quarterstaff of chaos (8)]
  2030 | D:2      | Slain by Crazy Yiuf

Illustrated notes

Levels and vault maps discovered:
D:1:      dpeg_arrival_rhombus, layout_basic,
          dilly_ecumenical_altar_fadedgnrine, st_stairs_9
D:2:      layout_loops_corners, minmay_lizard_pond, uniq_crazy_yiuf_cottage
D:3:      layout_loops_cross, mainiacjoe_overflow_six_doors_small,
          mainiacjoe_overflow_catwalk_spiral, kennysheep_orc_chapel

Skill      XL: |  1  2  3 |
---------------+----------+-----
Axes           | 3 4 |  4.8
Fighting       | |  3.8
Armour         | |  3.8
Shields        | |  3.8

Action                   |  1- 3 |  4- 6 || total
-------------------------+-------+-------++-------
Melee: War axe           |   100 |     4 ||   104
       Headbutt          |     7 |     2 ||     9
Throw: Boomerang         |    23 |     2 ||    25
  Use: Potion            |       |     1 ||     1
Armor: Scale mail        |    53 |       ||    53
Dodge: Dodged            |    48 |     1 ||    49
Block: Buckler           |    19 |     1 ||    20
